 Dungeon Crawl Stone Soup version 0.31-a0-981-geadf994542 (webtiles) character file.

Game seed: 16710196627242986752

446 Turgor the Changeling (level 6, 0/51 HPs)
             Began as a Draconian Shapeshifter on Oct 31, 2023.
             Killed by divine providence
             ... invoked by an orc priest
              (13 damage)
             ... on level 5 of the Dungeon.
             The game lasted 00:15:35 (3842 turns).

Turgor the Changeling (Draconian Shapeshifter)      Turns: 3842, Time: 00:15:36

Health: 0/51       AC:  6    Str: 16    XL:     6   Next: 73%
Magic:  6/6        EV: 13    Int: 10    God:
Gold:   176        SH:  0    Dex: 13    Spells: 1/5 levels left

rFire   . .          .
                       - Unarmed
rCold   . . .        (no shield)
rNeg    . . .        (body armour unavailable)
rPois   +            (helmet currently unavailable)
rElec   .            (cloak currently unavailable)
rCorr   .            (gloves currently unavailable)
SInv    +            (boots currently unavailable)
Will    .....        (no amulet)
Stlth   +            m - ring of see invisible
HPRegen 0.28/turn    f - ring of poison resistance
MPRegen 0.10/turn

%: no passive effects
@: beast-form
A: beast (slay +2), AC +6, unfitting armour, cold-blooded
a: Begin Untransformation


You were on level 5 of the Dungeon.
You were a hulking beast.
You visited 1 branch of the dungeon, and saw 5 of its levels.

You collected 176 gold pieces.

Inventory:

Missiles
 l - 6 poisoned darts (quivered)
Armour
 e - a +2 cloak
Jewellery
 d - a ring of ice
 f - a ring of poison resistance (right hand)
 k - an amulet of magic regeneration
 m - a ring of see invisible (left hand)
Talismans
 b - a beast talisman
 c - a flux talisman
Wands
 i - a wand of flame (12)
Scrolls
 o - a scroll of teleportation
 q - a scroll of immolation {unknown}
 r - a scroll of fog
Potions
 a - 5 potions of brilliance
 g - a potion of mutation
 h - a potion of haste
 j - 3 potions of heal wounds
 n - a potion of might
 p - a potion of cancellation {unknown}


   Skills:
 + Level 3.4 Fighting
 + Level 3.3 Dodging
 + Level 4.3 Unarmed Combat
 * Level 5.0 Shapeshifting


You had one spell level left.
You knew the following spells:

 Your Spells              Type           Power      Damage    Failure   Level
a - Brom's Barrelling Bo  Conj/Erth      0%         2d3       98%         4

Your spell library contained the following spells:

 Spells                   Type           Power      Damage    Failure   Level
 Apportation              Tloc           0%         N/A       36%         1
 Necrotise                Necr           0%         1d4       36%         1
 Sandblast                Erth           0%         2d4       36%         1
 Summon Small Mammal      Summ           0%         N/A       36%         1
 Passwall                 Tmut/Erth      0%         N/A       50%         2
 Stone Arrow              Conj/Erth      0%         3d7       75%         3


Dungeon Overview and Level Annotations

Branches:
Dungeon (5/15)
 Temple: D:4-7

Altars:
Fedhas

Shops:
D:3 :

Annotations:
D:3 2 transporters, Dirtsage's ghost, amateur DsFi
D:4 exclusion: oklob plant


Innate Abilities, Weirdness & Mutations

You are a hulking beast.
Your limbs bulge with bestial killing power. (Slay +2)
Your plain brown scales are hard. (AC +6)
You cannot fit into any form of body armour.
You are cold-blooded and may be slowed by cold attacks.


Message History

The orc looks even sicker.
Unknown command.
You closely miss the orc.
The orc is moderately wounded.
The orc hits you with a +0 dagger.
You hit the orc.
You kill the orc!
The orc misses you.
You hit the orc.
The orc is heavily wounded.
An orc priest comes into view.
It is wielding a +0 whip and wearing a +1 chain mail of cold resistance.
The orc closely misses you.
You hit the orc.
The orc is severely wounded.
The orc hits you with a +0 short sword.
You completely miss the orc.
The orc is severely wounded.
The orc hits you but does no damage.
You closely miss the orc.
The orc is severely wounded.
You hit the orc.
You kill the orc!
The orc priest invokes the aid of Beogh against you.
Beogh smites you!
The orc priest calls down the wrath of Beogh upon you.
Beogh smites you!
* * * LOW HITPOINT WARNING * * *
You hit the orc priest but do no damage.
Your tail-slap misses the orc priest.
The orc priest barely misses you.
You hit the orc priest.
The orc priest is lightly wounded.
The orc priest casts a cantrip, but nothing happens.
You hit the orc priest but do no damage.
The orc priest is lightly wounded.
The orc priest looks braver for a moment.
You hit the orc priest but do no damage.
The orc priest is lightly wounded.
The orc priest invokes the aid of Beogh against you.
Beogh smites you!
You die...

#.....# #.....#
#.....#
#######....###########
.....##.........##...#
.....#...............#
.....##....##........#
.....##....##........#
............#..oh....#
............#...##'###
.....##.....#...##)).#
.....##....##...##(..#
...........##...##(..#
.................#...#
................ #...#
................ #...#
..###....##.. #...#


You could see an orc priest.

Vanquished Creatures
  A scorpion (D:4)
  An orc priest (D:5)
  Terence (D:2)
  2 iguanas (D:4)
  Robin (D:2)
  5 adders
  11 gnolls
  2 ufetubi (D:4)
  A worm (D:2)
  4 dart slugs
  4 orcs
  5 endoplasms
  2 giant cockroaches
  16 goblins
  6 hobgoblins
  13 jackals
  3 kobolds
  2 quokkas
  9 ball pythons
  6 bats
  4 frilled lizards
  4 rats
103 creatures vanquished.

Notes
Turn   | Place    | Note
-------+----------+-------------------------------------------
     0 | D:1      | Turgor the Draconian Shapeshifter began the quest for the
                  | Orb.
     0 | D:1      | Reached XP level 1. HP: 16/16 MP: 1/1
    86 | D:1      | Reached XP level 2. HP: 6/23 MP: 2/2
   367 | D:1      | Reached XP level 3. HP: 27/29 MP: 3/3
   870 | D:2      | Noticed Robin
  1069 | D:2      | Reached XP level 4. HP: 36/36 MP: 4/4
  1390 | D:2      | Noticed Terence
  1418 | D:2      | Killed Terence
  1419 | D:2      | Reached skill level 4 in Shapeshifting
  1786 | D:2      | Killed Robin
  1983 | D:3      | Found Qyik's Book Emporium.
  2002 | D:3      | Reached XP level 5. HP: 39/42 MP: 5/5
  2025 | D:3      | Learned a level 4 spell: Brom's Barrelling Boulder
  2398 | D:3      | Noticed Dirtsage's ghost (amateur DsFi)
  2398 | D:3      | Noticed an ogre
  2399 | D:3      | Found a transporter.
  2401 | D:3      | Identified the +10 giant club of Nukkidao {freeze, *Slow
                  | +Blink rPois}
  2401 | D:3      | Noticed an ogre
  2407 | D:3      | Found a transporter.
  2946 | D:4      | Reached XP level 6. HP: 31/51 MP: 6/6
  3471 | D:4      | Reached skill level 5 in Shapeshifting
  3549 | D:4      | Found a blossoming altar of Fedhas.
  3560 | D:4      | Noticed an oklob plant
  3708 | D:5      | Entered Level 5 of the Dungeon
  3842 | D:5      | Killed from afar by an orc priest

Illustrated notes

Levels and vault maps discovered:
D:1:      nzn_arrival_depleted_hourglass, layout_basic
D:2:      layout_loops_ring, uniq_terence, uniq_robin
D:3:      layout_basic, serial_shops, shop, gammafunk_ghost_smash
D:4:      layout_rooms, tgw_fedhas, saegor_snake_ambush
D:5:      layout_gridville

Skill      XL: |  1  2  3  4  5  6 |
---------------+-------------------+-----
Dodging        | 2 3 |  3.3
Fighting       | 2 3 |  3.4
Shapeshifting  | 4 5 |  5.0
Unarmed Combat | 4 |  4.3

Action                     |  1- 3 |  4- 6 || total
---------------------------+-------+-------++-------
  Melee: Unarmed           |   141 |   181 ||   322
         Tailslap          |    13 |    26 ||    39
         Punch             |     5 |     5 ||    10
  Throw: Dart              |       |    40 ||    40
    Use: Potion            |     1 |       ||     1
         Scroll            |     5 |     7 ||    12
   Stab: Sleeping          |     2 |       ||     2
 Armour: Skin              |    74 |    83 ||   157
  Dodge: Dodged            |   101 |   107 ||   208

Table legend: (Time is in decaauts)
 A = Elapsed time spent in this place.
 B = Non-inter-level travel time spent in this place.
 C = Inter-level travel time spent in this place.
 D = Time resting spent in this place.
 E = Time spent auto-exploring this place.
 F = Levels seen in this place.
 G = Mean time per level.
                   A        B        C        D        E       F      G
               +--------+--------+--------+--------+--------+-----+--------+
         Total |   3853 |   3675 |    178 |    187 |   2420 |   5 |  770.6 |
       Dungeon |   3853 |   3675 |    178 |    187 |   2420 |   5 |  770.6 |
               +--------+--------+--------+--------+--------+-----+--------+

Top non-repeatable levels by time:
     D:2: 1147 daAuts
     D:4: 1022 daAuts
     D:3: 851 daAuts
     D:1: 700 daAuts
     D:5: 132 daAuts
